[Event "Memorial Ukrainian Chess Warriors 2024"]
[Site "Lviv"]
[Date "2024.03.15"]
[Round "3.11"]
[White "Terletsky, Oleg A."]
[Black "Dubnevych, Maksym"]
[Result "0-1"]
[ECO "C44"]
[WhiteElo "2036"]
[BlackElo "2293"]
[Annotator "TA"]
[PlyCount "42"]
[EventDate "2024.03.06"]
[EventType "swiss"]
[EventCountry "UKR"]
[SourceTitle "playchess.com"]
[Source "ChessBase"]
[SourceQuality "1"]
[TimeControl "600+5"]

1. e4 e5 2. Nf3 Nc6 3. d4 exd4 4. Nxd4 Nf6 5. Nc3 Bb4 6. Nxc6 bxc6 7. Bg5 h6 8. Bh4 g5 9. Bg3 Nxe4 10. Qd4 Bxc3+ {[%emt 0:00:04] The position is equal.} 11. bxc3 {[%emt 0:00:14] [#]} O-O {[%emt 0:00:23] ...Qe7 is the strong threat.} 12. Bd3 $1 (12. Qxe4 Re8 13. Be5 Qe7 $17 (13... d6 14. O-O-O $16)) 12... d5 {[%emt 0:01:05] ...c5 would now be deadly.} 13. f3 $2 {[%emt 0:00:28][%mdl 8192] [#]} (13. Bxe4 $11 {and White is okay.} dxe4 14. h4) 13... c5 $1 $19 14. Qa4 {[%emt 0:01:16] [#]} Nxg3 (14... Nxc3 15. Qc6 Qe8+ 16. Qxe8 Rxe8+ 17. Kd2) 15. hxg3 Qd6 16. O-O-O Bd7 {[%emt 0:01:28] Inhibits c4.} (16... Qxg3 17. Qc6 (17. Rxh6 Be6 $11) 17... Be6 (17... Qf4+ 18. Rd2 $17) 18. Qxc5 $17) 17. Qa5 (17. Qa6 {might work better.} c6 (17... Qxg3 18. Bh7+ Kh8 19. Qf6+ Kxh7 20. Rxh6+ Kg8 21. Rh8#) 18. c4) 17... Rab8 {[%emt 0:00:18] Hoping for ...Rb6.} ({Not} 17... Qxg3 18. Rxh6 Rab8 19. Qxc5 $11) 18. f4 $2 (18. Bc4 Bc6 (18... Qxg3 $2 19. Bxd5 Qf4+ 20. Rd2 $19) 19. Bb3) 18... gxf4 {[%emt 0:00:08] Black is clearly winning.} 19. Rh4 (19. Bc4 $142 c6 (19... fxg3 $2 20. Bb3 $19) 20. Bb3) 19... fxg3 ({Weaker is} 19... c4 20. Bxc4 Be6 (20... fxg3 21. Qxd5 Qa3+ 22. Kd2 $15) 21. Rxf4 $17) 20. Rf1 Qe7 21. Re4 dxe4 {[%emt 0:00:05] Black took control after the opening.   Weighted Error Value: White=1.84/Black=0.11 (very precise) .  Loses game:     	White=1     	---        Mistake:       	White=3     	---        Inaccurate:     	White=1     	---        OK:         	White=2     	Black=5      Best:        	White=1     	Black=1      Strong:       	White=1     	Black=1} 0-1

[Event "Memorial Ukrainian Chess Warriors 2024"]
[Site "Lviv"]
[Date "2024.03.15"]
[Round "3.12"]
[White "Sydoryka, Vladyslav"]
[Black "Nakonechnyi, Oleksii"]
[Result "1/2-1/2"]
[ECO "A14"]
[WhiteElo "2310"]
[BlackElo "1756"]
[Annotator "TA"]
[PlyCount "88"]
[EventDate "2024.03.06"]
[EventType "swiss"]
[EventCountry "UKR"]
[SourceTitle "playchess.com"]
[Source "ChessBase"]
[SourceQuality "1"]
[TimeControl "600+5"]

1. c4 Nf6 2. g3 e6 3. Bg2 d5 4. Nf3 Be7 5. O-O O-O 6. b3 b6 7. Bb2 Bb7 8. e3 Nbd7 9. Nc3 dxc4 10. bxc4 Nc5 11. d4 Nce4 {White has an edge.} 12. Nxe4 Bxe4 13. Ne5 Bxg2 14. Kxg2 Bd6 15. Nc6 Qe8 16. Qf3 Nd7 17. Rad1 a5 18. Rd2 a4 19. d5 a3 20. Bc3 e5 21. e4 Ra4 22. Qe2 Nb8 23. Nxb8 Qxb8 24. f4 Qe8 25. Qd3 f6 26. Rdf2 {[#]} (26. Re2 $14) 26... b5 $1 27. fxe5 Bxe5 28. Bxe5 Qxe5 29. Rf5 (29. Rc1 $11 {keeps the balance.}) 29... bxc4 $17 30. Qe3 Qd6 31. Qd4 Rd8 32. g4 (32. Rb1 $142) 32... Rb4 33. R1f2 c3 34. Qxc3 Rxe4 35. Qf3 (35. h3 $17 {keeps fighting.}) 35... Re5 (35... Rd4 $19 36. Qg3 Rxd5 37. Qxd6 R8xd6) 36. Rxe5 Qxe5 37. Qxa3 Qxd5+ {[%mdl 4096] Endgame. KQR-KQR} 38. Qf3 Kf7 39. Qxd5+ Rxd5 {KR-KR} 40. Rc2 Kg6 41. Rxc7 Rd2+ 42. Kg3 Rxa2 43. Rc3 {Against Ra3} h5 {[#] ...hxg4 would now be deadly.} 44. h3 Ra4 {Weighted Error Value: White=0.20 (precise) /Black=0.15 (very precise) .  Mistake:       	White=4     	Black=2      Inaccurate:     	White=3     	Black=4      OK:         	White=14    	Black=12     Best:        	White=3     	Black=1} ({Better is} 44... Ra5 $17) 1/2-1/2

[Event "Memorial Ukrainian Chess Warriors 2024"]
[Site "Lviv"]
[Date "2024.03.15"]
[Round "3.13"]
[White "Tarleva, Vira"]
[Black "Mikhaletz, Lubomir"]
[Result "0-1"]
[ECO "B43"]
[WhiteElo "2030"]
[BlackElo "2278"]
[Annotator "TA"]
[PlyCount "96"]
[EventDate "2024.03.06"]
[EventType "swiss"]
[EventCountry "UKR"]
[SourceTitle "playchess.com"]
[Source "ChessBase"]
[SourceQuality "1"]
[TimeControl "600+5"]

1. e4 c5 2. Nf3 e6 3. d4 cxd4 4. Nxd4 a6 5. Nc3 b5 6. g3 b4 7. Nce2 Bb7 8. Bg2 Nf6 {[%emt 0:00:05] The position is equal.} 9. Qd3 d6 10. O-O Nbd7 11. f3 (11. c3 $11) 11... d5 12. exd5 Nxd5 13. c3 bxc3 14. bxc3 Qc7 15. f4 Bc5 16. Kh1 O-O 17. f5 (17. Rb1 $142) 17... e5 $17 18. Nb3 N7f6 (18... Rad8 $19 {[%cal Oc5b6] Hoping for ...Bb6!} 19. g4 (19. Bxd5 $2 {perishes.} Nf6 $19) 19... Bb6) 19. Nxc5 (19. g4 $1 $15) 19... Qxc5 20. a4 {[%emt 0:00:23] [#]} (20. Rb1 $17 {was necessary.} Bc6 21. c4) 20... e4 $2 21. Qd4 Qxd4 22. cxd4 Rfc8 23. Nf4 Rc2 $36 {[%emt 0:00:04][%mdl 2048] Black fights for an advantage.} 24. h3 {[%emt 0:00:30] White is weak on the light squares} Rac8 {[%emt 0:01:10] Black is much more active.} 25. Rb1 {[%emt 0:00:13] White is on the road to losing.} ({Better is} 25. Nxd5 $15 Bxd5 26. Re1) 25... Bc6 26. Nxd5 Bxd5 27. Bg5 {[%emt 0:00:11] [#]} e3 $1 28. Bxd5 Nxd5 29. Rbe1 $2 (29. Rfe1 $17) 29... R8c3 $19 30. Rf3 f6 31. Bxe3 Rb3 32. Kg1 Rcc3 33. Kf2 h5 34. h4 (34. Re2 $142) 34... Kf7 35. g4 (35. Re2 $142) 35... hxg4 36. Rg3 Nb4 {[%emt 0:00:37] ...Nd3+ is the strong threat.} ({Less strong is} 36... Nxe3 37. Rexe3 Rc2+ 38. Kf1 $17) 37. Re2 Nc2 38. Bf4 Nxd4 39. Rxc3 Rxc3 40. Re3 (40. Re4 $142 Rf3+ (40... Nxf5 $2 41. h5 $19) 41. Ke1 Nxf5 42. Bb8) 40... Rxe3 41. Kxe3 Nxf5+ {[%emt 0:00:02][%mdl 4096] Endgame. KB-KN} 42. Ke4 Nxh4 {[%emt 0:00:03] And now ...g5 would win.} 43. a5 g5 44. Bg3 Ke6 45. Kd4 f5 (45... Nf5+ $142 46. Kd3 Nxg3 47. Kd2 Nf5 48. Ke1 g3 49. Kf1 Ke5 50. Ke2 Kf4 51. Kf1 Ne3+ 52. Ke2 g2 53. Kf2 f5 54. Kg1 Kf3 55. Kh2 Kf2 56. Kh3 Nc4 (56... g1=R $2 {is a self mate.} 57. Kh2 Ng4+ 58. Kh3 Rh1#) 57. Kh2 g1=Q+ 58. Kh3 Qh1#) 46. Kc5 f4 {[%emt 0:00:02] Black mates.} 47. Bf2 g3 48. Bg1 f3 {[%emt 0:00:02] Weighted Error Value: White=0.80/Black=0.42.  Loses game:     	White=1     	---        Missed win:     	---       	Black=1      Mistake:       	White=8     	Black=1      Inaccurate:     	White=3     	Black=2      OK:         	White=11    	Black=10     Best:        	White=1     	Black=1      Brilliant:      	---       	Black=1} 0-1

[Event "Memorial Ukrainian Chess Warriors 2024"]
[Site "Lviv"]
[Date "2024.03.15"]
[Round "3.14"]
[White "Alexikov, Alexander"]
[Black "Toroptseva, Yevheniia"]
[Result "1-0"]
[ECO "B45"]
[WhiteElo "2183"]
[BlackElo "1923"]
[Annotator "RC"]
[PlyCount "67"]
[EventDate "2024.03.06"]
[EventType "swiss"]
[EventCountry "UKR"]
[SourceTitle "playchess.com"]
[Source "ChessBase"]
[SourceQuality "1"]
[TimeControl "600+5"]

1. e4 c5 2. Nf3 e6 3. Nc3 Nc6 4. d4 cxd4 5. Nxd4 Nf6 6. Be2 Bb4 7. Nxc6 bxc6 8. e5 Nd5 9. Bd2 Bxc3 10. bxc3 Qc7 11. c4 Nb6 12. f4 c5 13. O-O Bb7 14. a4 Ba6 15. a5 Nxc4 16. Bc1 Rb8 17. Qd3 Bb5 18. Qg3 Kf8 19. Rb1 a6 20. Bd3 Nxa5 21. f5 Bxd3 22. Rxb8+ Qxb8 23. cxd3 Nc6 24. f6 gxf6 25. Bh6+ Ke7 26. exf6+ Kd8 27. Qg7 Kc7 28. Qxf7 Ne5 29. Bf4 Kc6 30. Qh5 d6 31. f7 Ng6 32. Bh6 Qb7 33. Qf3+ Kc7 34. f8=Q 1-0

[Event "Memorial Ukrainian Chess Warriors 2024"]
[Site "Lviv"]
[Date "2024.03.15"]
[Round "3.15"]
[White "Ivanov, Taras"]
[Black "Bykovskiy, Oleg"]
[Result "0-1"]
[ECO "A05"]
[WhiteElo "1831"]
[BlackElo "2231"]
[Annotator "TA"]
[PlyCount "76"]
[EventDate "2024.03.06"]
[EventType "swiss"]
[EventCountry "UKR"]
[SourceTitle "playchess.com"]
[Source "ChessBase"]
[SourceQuality "1"]
[TimeControl "600+5"]

1. Nf3 Nf6 2. b3 g6 3. Bb2 Bg7 4. e3 O-O 5. d4 d5 6. Be2 Ne4 7. Nbd2 c5 8. O-O Nc6 9. Ne5 Nxd2 10. Qxd2 Nxe5 {[%emt 0:00:09] The position is equal.} 11. dxe5 Be6 12. Rfd1 Qc7 13. f4 f6 14. exf6 Bxf6 15. Bxf6 exf6 16. Bf3 Rad8 17. Qf2 Rd7 18. Rd2 Rfd8 19. Rad1 Qa5 20. a4 Kg7 21. h3 Qb4 22. Qe2 a6 23. Kh2 Bf7 24. e4 d4 25. e5 Qb6 26. Bg4 (26. Qe1 $11) 26... Re7 $15 27. exf6+ Qxf6 28. Qf2 Rde8 {[%emt 0:00:07] Black is more active.} 29. Re2 (29. b4 $15) 29... Rxe2 30. Bxe2 Re4 31. Rf1 (31. g3 $15) 31... Re3 $17 32. Bd3 (32. a5 $15) 32... Bd5 (32... Bxb3 $1 $17 33. Bxa6 bxa6 (33... Bxa4 34. Bxb7 Bb5 35. Ra1 $17) 34. cxb3 Rxb3) 33. f5 ({White should play} 33. Kg1 $15) 33... Qe5+ 34. Kg1 {[%emt 0:00:04] [#]} (34. Qf4 $17 {was worth a try.}) 34... Rg3 $1 $19 ({Wrong is} 34... Bxb3 $2 35. fxg6 Rxd3 (35... hxg6 $2 {perishes.} 36. Qf8+ Kh7 37. cxb3 $18) 36. cxd3 hxg6 37. a5 $18 (37. Qf8+ Kh7 $18)) 35. f6+ $2 (35. fxg6 Rxg2+ 36. Qxg2 Bxg2 37. Rf7+ Kg8 38. Kxg2 hxg6 39. Rf3) 35... Kf8 {[%emt 0:00:01][%cal Oe5g5] Strongly threatening ...Qg5!} 36. Re1 (36. Qd2 $19 Qe3+ (36... Bxg2 $2 37. Qxg2 Qg5 38. Rf2 $19) 37. Qxe3 Rxg2+ (37... dxe3 $2 38. Rf4 $19) 38. Kh1 dxe3 39. Bc4 Rf2+ (39... Rxc2+ 40. Bxd5 Rd2 41. Bf3 $16) 40. Kg1 Bxc4 41. bxc4) 36... Rxg2+ 37. Qxg2 Qxe1+ 38. Qf1 Qg3+ {[%emt 0:00:02] Weighted Error Value: White=0.73/Black=0.10 (very precise) .  Mistake:       	White=8     	Black=1      Inaccurate:     	---       	Black=2      OK:         	White=11    	Black=8      Best:        	---       	Black=3      Strong:       	---       	Black=1} 0-1

[Event "Memorial Ukrainian Chess Warriors 2024"]
[Site "Lviv"]
[Date "2024.03.15"]
[Round "3.16"]
[White "Vasynda, Oleksandr"]
[Black "Tretiak, Igor"]
[Result "0-1"]
[ECO "D02"]
[WhiteElo "2219"]
[BlackElo "1561"]
[Annotator "RC"]
[PlyCount "96"]
[EventDate "2024.03.06"]
[EventType "swiss"]
[EventCountry "UKR"]
[SourceTitle "playchess.com"]
[Source "ChessBase"]
[SourceQuality "1"]
[TimeControl "600+5"]

1. d4 d5 2. Nf3 Nf6 3. Bf4 Bf5 4. e3 e6 5. c4 dxc4 6. Bxc4 Bxb1 7. Rxb1 Bb4+ 8. Kf1 Nbd7 9. Qb3 Bd6 10. Bg3 Nb6 11. Bd3 O-O 12. Rc1 Rc8 13. Ke2 c5 14. dxc5 Rxc5 15. Rxc5 Bxc5 16. Bh4 Qe7 17. Rc1 Nbd5 18. Bxh7+ Kxh7 19. Qc2+ Kg8 20. Qxc5 Qd7 21. Bxf6 Nxf6 22. b3 Rd8 23. Qc2 Nd5 24. a4 Nb4 25. Qd2 Qe7 26. Qc3 Na2 27. Qc7 Nxc1+ 28. Qxc1 Qd6 29. Qc2 Rd7 30. Ng5 Qd5 31. h4 g6 32. f3 Rd6 33. Ne4 Rc6 34. Qb2 Qd8 35. Nf6+ Kf8 36. h5 e5 37. Ne4 Qc7 38. hxg6 Rc2+ 39. Qxc2 Qxc2+ 40. Kf1 fxg6 41. b4 Qc4+ 42. Kf2 Qxb4 43. Kg3 Qxa4 44. Kg4 Qd7+ 45. Kg5 a5 46. Kxg6 a4 47. Nf6 Qf7+ 48. Kg5 Qxf6+ 0-1

[Event "Memorial Ukrainian Chess Warriors 2024"]
[Site "Lviv"]
[Date "2024.03.15"]
[Round "3.17"]
[White "Hychkevych, Vitaliy"]
[Black "Dovgaliuk, Oleksandr"]
[Result "1-0"]
[ECO "E81"]
[WhiteElo "1550"]
[BlackElo "1936"]
[Annotator "RC"]
[PlyCount "73"]
[EventDate "2024.03.06"]
[EventType "swiss"]
[EventCountry "UKR"]
[SourceTitle "playchess.com"]
[Source "ChessBase"]
[SourceQuality "1"]
[TimeControl "600+5"]

1. d4 Nf6 2. c4 g6 3. Nc3 Bg7 4. e4 d6 5. f3 O-O 6. Be3 Nbd7 7. Nh3 c5 8. d5 a6 9. Nf2 Rb8 10. a4 Qc7 11. Be2 e6 12. O-O exd5 13. cxd5 Re8 14. Rc1 Qb6 15. Nd3 Ne5 16. Nxe5 Rxe5 17. Rb1 Qa5 18. Bf4 Nh5 19. Bd2 Re8 20. f4 Bd4+ 21. Kh1 Nf6 22. Bf3 h5 23. h3 Qd8 24. Qc2 Bg4 25. Rbe1 Qc8 26. Kh2 Bxf3 27. gxf3 h4 28. Ne2 Nh5 29. f5 gxf5 30. Rg1+ Bxg1+ 31. Rxg1+ Kf8 32. Qc3 Ng3 33. Nxg3 hxg3+ 34. Rxg3 fxe4 35. Qf6 e3 36. Qxd6+ Re7 37. Bxe3 1-0

[Event "Memorial Ukrainian Chess Warriors 2024"]
[Site "Lviv"]
[Date "2024.03.15"]
[Round "3.18"]
[White "Marchyshyn, Vasyl"]
[Black "Domanskiy, Mykola"]
[Result "0-1"]
[ECO "B53"]
[WhiteElo "1753"]
[BlackElo "2046"]
[Annotator "RC"]
[PlyCount "170"]
[EventDate "2024.03.06"]
[EventType "swiss"]
[EventCountry "UKR"]
[SourceTitle "playchess.com"]
[Source "ChessBase"]
[SourceQuality "1"]
[TimeControl "600+5"]

1. e4 c5 2. Nf3 d6 3. d4 cxd4 4. Qxd4 Nc6 5. Bb5 Bd7 6. Bxc6 Bxc6 7. Nc3 e5 8. Qd3 Be7 9. h4 h6 10. g4 Nf6 11. Rg1 Nd7 12. Be3 Qa5 13. O-O-O Nc5 14. Bxc5 Qxc5 15. Nd5 Bxd5 16. Qxd5 Qxf2 17. Qb5+ Kf8 18. Qxb7 Re8 19. Rgf1 Qe3+ 20. Kb1 g6 21. Qd5 Rh7 22. h5 gxh5 23. gxh5 Rg7 24. Rd2 Kg8 25. Qb7 Qxf3 26. Rdd1 Qe3 27. Qd7 Kf8 28. b3 Rd8 29. Qe6 Ke8 30. Qd5 Qc5 31. Qd3 Bg5 32. Qf3 Bf4 33. Rd5 Qb6 34. Rfd1 Rg1 35. Qh3 Rxd1+ 36. Rxd1 a5 37. a4 Qc6 38. Qd3 Ke7 39. Rg1 Bg5 40. Rf1 Rc8 41. Kb2 Bf4 42. Rg1 Qc5 43. Rd1 Be3 44. c3 Bf4 45. Re1 Rb8 46. Re2 Qg1 47. Qa6 Qc5 48. Re1 Rc8 49. Qd3 Qf2+ 50. Re2 Qg1 51. Rc2 Qb6 52. Rg2 Rb8 53. Qd5 Qc5 54. Qd3 Bg5 55. Rc2 Qc6 56. Ka2 Bf4 57. Rg2 Qc5 58. Kb2 Rc8 59. Rc2 Qe3 60. Qd5 Rc5 61. Qb7+ Ke6 62. Qa8 Bg5 63. Qe8+ Be7 64. Qa8 Qf3 65. Qb7 Qxh5 66. b4 axb4 67. cxb4 Rxc2+ 68. Kxc2 Qe2+ 69. Kb3 Qd3+ 70. Kb2 Bg5 71. Qc8+ Ke7 72. Qc7+ Kf8 73. a5 Kg7 74. Qc6 Qd4+ 75. Kb3 Bd2 76. Qc4 Qe3+ 77. Ka4 h5 78. a6 h4 79. Kb5 h3 80. Qf1 Qc3 81. a7 Qc8 82. Ka5 Qb7 83. Qxh3 Qxa7+ 84. Kb5 Qb7+ 85. Kc4 Qxb4+ 0-1

[Event "Memorial Ukrainian Chess Warriors 2024"]
[Site "Lviv"]
[Date "2024.03.15"]
[Round "3.20"]
[White "Pastukhov, Igor"]
[Black "Shala, Maksym"]
[Result "0-1"]
[ECO "D37"]
[WhiteElo "2125"]
[BlackElo "1807"]
[Annotator "RC"]
[PlyCount "42"]
[EventDate "2024.03.06"]
[EventType "swiss"]
[EventCountry "UKR"]
[SourceTitle "playchess.com"]
[Source "ChessBase"]
[SourceQuality "1"]
[TimeControl "600+5"]

1. d4 Nf6 2. c4 e6 3. Nf3 d5 4. Nc3 dxc4 5. e3 a6 6. a4 c5 7. Bxc4 Nc6 8. O-O Be7 9. Qe2 O-O 10. Rd1 Qc7 11. Bd2 Rd8 12. Be1 cxd4 13. exd4 Qf4 14. Qe3 Qf5 15. h3 Bf8 16. g4 Qa5 17. Ne4 Qc7 18. Nxf6+ gxf6 19. Rac1 Qb6 20. Bc3 Ne7 21. Qf4 Nd5 0-1

[Event "Memorial Ukrainian Chess Warriors 2024"]
[Site "Lviv"]
[Date "2024.03.15"]
[Round "3.21"]
[White "Yatsishin, Ivan"]
[Black "Medvedyk, Vasyl"]
[Result "1-0"]
[ECO "D97"]
[WhiteElo "2016"]
[BlackElo "1957"]
[Annotator "RC"]
[PlyCount "93"]
[EventDate "2024.03.06"]
[EventType "swiss"]
[EventCountry "UKR"]
[SourceTitle "playchess.com"]
[Source "ChessBase"]
[SourceQuality "1"]
[TimeControl "600+5"]

1. d4 Nf6 2. c4 g6 3. Nc3 d5 4. Nf3 Bg7 5. Qb3 dxc4 6. Qxc4 O-O 7. e4 c6 8. Be2 Be6 9. Qa4 Qc7 10. O-O c5 11. d5 Bd7 12. Qc2 e6 13. g3 exd5 14. exd5 Bf5 15. Qb3 Nbd7 16. Bf4 Qb6 17. Nb5 Rac8 18. a4 c4 19. Bxc4 Nc5 20. Qa3 Be4 21. a5 Qd8 22. Nd6 Bxf3 23. Qxf3 Ra8 24. b4 Ncd7 25. Nxb7 Qc8 26. Nd6 Qd8 27. Rad1 Nh5 28. Nb5 Nxf4 29. Qxf4 Ne5 30. Be2 a6 31. Nd4 Qxd5 32. Nf5 Qe6 33. Nxg7 Kxg7 34. Rfe1 Rad8 35. Bxa6 Rxd1 36. Rxd1 Qxa6 37. Qxe5+ Kg8 38. Rd6 Qc4 39. Qd4 Qc1+ 40. Kg2 Qc8 41. h4 Qb7+ 42. Kh2 Qb8 43. a6 Re8 44. a7 Qa8 45. b5 Rc8 46. b6 Qb7 47. Rd8+ 1-0

[Event "Memorial Ukrainian Chess Warriors 2024"]
[Site "Lviv"]
[Date "2024.03.15"]
[Round "3.22"]
[White "Baziuk, Vladyslav"]
[Black "Rubakha, Oleksiy"]
[Result "1-0"]
[ECO "C44"]
[WhiteElo "2211"]
[BlackElo "1781"]
[Annotator "RC"]
[PlyCount "113"]
[EventDate "2024.03.06"]
[EventType "swiss"]
[EventCountry "UKR"]
[SourceTitle "playchess.com"]
[Source "ChessBase"]
[SourceQuality "1"]
[TimeControl "600+5"]

1. e4 e5 2. Nf3 Nc6 3. d4 exd4 4. Nxd4 Nf6 5. Nc3 Bb4 6. Nxc6 bxc6 7. Bd3 d5 8. exd5 O-O 9. O-O cxd5 10. h3 h6 11. Qf3 c6 12. Ne2 Bd6 13. Bf4 Re8 14. Rad1 Bxf4 15. Qxf4 Qb6 16. b3 Ba6 17. Ng3 c5 18. c4 dxc4 19. bxc4 Rad8 20. Nf5 Qb2 21. Qg3 Nh5 22. Qg4 Qf6 23. Qxh5 Re5 24. Qf3 Rxd3 25. Nxh6+ Qxh6 26. Qxd3 Qf4 27. Rfe1 Rf5 28. Qe3 Qxe3 29. Rxe3 Bxc4 30. Ra3 a6 31. Rc1 Bb5 32. Rac3 c4 33. Ra3 Kf8 34. Ra5 Rd5 35. a4 Bc6 36. Rxa6 Rc5 37. Rc3 Ke7 38. Ra7+ Ke6 39. f3 Be8 40. Kf2 Kd5 41. Ke3 Rc6 42. Re7 Rc8 43. a5 Kd6 44. Re4 Bb5 45. Kd4 Ra8 46. Re5 Rxa5 47. Rxc4 Bxc4 48. Rxa5 Be6 49. Ra6+ Ke7 50. h4 Kf6 51. g4 g6 52. Ke4 Kg7 53. Rxe6 fxe6 54. Ke5 Kf7 55. g5 Ke7 56. f4 Kf7 57. Kd6 1-0

[Event "Memorial Ukrainian Chess Warriors 2024"]
[Site "Lviv"]
[Date "2024.03.15"]
[Round "3.23"]
[White "Stolbov, Mikhail G."]
[Black "Tyurin, Rostyslav"]
[Result "1-0"]
[ECO "D03"]
[WhiteElo "2205"]
[BlackElo "1718"]
[Annotator "RC"]
[PlyCount "57"]
[EventDate "2024.03.06"]
[EventType "swiss"]
[EventCountry "UKR"]
[SourceTitle "playchess.com"]
[Source "ChessBase"]
[SourceQuality "1"]
[TimeControl "600+5"]

1. d4 d5 2. Nf3 Nf6 3. Bg5 e6 4. e3 c6 5. Bd3 Be7 6. Nbd2 Nbd7 7. c3 h6 8. Bf4 O-O 9. g4 Nh7 10. h4 f5 11. Qc2 Kh8 12. gxf5 exf5 13. Bxf5 Ndf6 14. Bxc8 Rxc8 15. Ne5 c5 16. Ng6+ Kg8 17. Nxf8 Nxf8 18. Rg1 Kh8 19. O-O-O b5 20. Nf3 N8d7 21. Qg6 Bf8 22. Ne5 Nxe5 23. dxe5 Ng8 24. e6 b4 25. Be5 Qe7 26. Rxd5 bxc3 27. Rd7 cxb2+ 28. Bxb2 Qe8 29. Bxg7+ 1-0

[Event "Memorial Ukrainian Chess Warriors 2024"]
[Site "Lviv"]
[Date "2024.03.15"]
[Round "3.25"]
[White "Smotrov, Pavlo"]
[Black "Andrienko, Artem"]
[Result "0-1"]
[ECO "E38"]
[WhiteElo "1646"]
[BlackElo "2041"]
[Annotator "RC"]
[PlyCount "54"]
[EventDate "2024.03.06"]
[EventType "swiss"]
[EventCountry "UKR"]
[SourceTitle "playchess.com"]
[Source "ChessBase"]
[SourceQuality "1"]
[TimeControl "600+5"]

1. d4 Nf6 2. c4 e6 3. Nc3 Bb4 4. Qc2 c5 5. a3 Bxc3+ 6. Qxc3 cxd4 7. Qxd4 Nc6 8. Qc3 O-O 9. f3 d5 10. cxd5 exd5 11. Bg5 d4 12. Qd2 h6 13. Bh4 Re8 14. Nh3 Bxh3 15. gxh3 g5 16. Rg1 Kf8 17. Bg3 Nd5 18. Bg2 Ne3 19. Kf2 d3 20. Qxd3 Qb6 21. Bd6+ Kg8 22. b4 Ng4+ 23. Kg3 Qf2+ 24. Kxg4 Qh4+ 25. Kf5 Re5+ 26. Bxe5 Ne7+ 27. Kf6 g4# 0-1

[Event "Memorial Ukrainian Chess Warriors 2024"]
[Site "Lviv"]
[Date "2024.03.15"]
[Round "3.26"]
[White "Lornye, Pylyp"]
[Black "Polulikh, Stepan"]
[Result "1-0"]
[ECO "A05"]
[WhiteElo "2147"]
[BlackElo "1735"]
[Annotator "RC"]
[PlyCount "104"]
[EventDate "2024.03.06"]
[EventType "swiss"]
[EventCountry "UKR"]
[SourceTitle "playchess.com"]
[Source "ChessBase"]
[SourceQuality "1"]
[TimeControl "600+5"]

1. Nf3 Nf6 2. g3 d5 3. Bg2 g6 4. O-O Bg7 5. d3 O-O 6. Nbd2 Nc6 7. c3 e5 8. e4 dxe4 9. dxe4 Be6 10. Qe2 Qe7 11. Ng5 Ne8 12. Nxe6 Qxe6 13. Nc4 Rd8 14. Ne3 Ne7 15. f4 Qb6 16. f5 f6 17. Kh1 gxf5 18. exf5 Nd6 19. a4 c6 20. a5 Qc7 21. b3 Nf7 22. Ba3 Rfe8 23. a6 Nd5 24. Ng4 Nh6 25. Ne3 Nf7 26. c4 Nxe3 27. Qxe3 b6 28. c5 bxc5 29. Qxc5 Bf8 30. Qxc6 Qxc6 31. Bxc6 Bxa3 32. Bxe8 Bb2 33. Bxf7+ Kxf7 34. Ra2 Bd4 35. b4 Rb8 36. Rb1 Ke7 37. Rc2 Kd6 38. b5 Kd5 39. Rc7 h6 40. Rc6 e4 41. Kg2 Rxb5 42. Rxb5+ Kxc6 43. Rb7 Kd5 44. Kf1 Ke5 45. Rb5+ Kd6 46. Ke2 Bb6 47. g4 Kc6 48. Rb3 Bc7 49. h4 Bb6 50. Rb1 Bd4 51. Rb7 Kd6 52. Rh7 Kc5 1-0

[Event "Memorial Ukrainian Chess Warriors 2024"]
[Site "Lviv"]
[Date "2024.03.15"]
[Round "3.27"]
[White "Pelekhatyy, Zakhar"]
[Black "Bagiryan, Vigen"]
[Result "0-1"]
[ECO "B01"]
[WhiteElo "1710"]
[BlackElo "1969"]
[Annotator "RC"]
[PlyCount "146"]
[EventDate "2024.03.06"]
[EventType "swiss"]
[EventCountry "UKR"]
[SourceTitle "playchess.com"]
[Source "ChessBase"]
[SourceQuality "1"]
[TimeControl "600+5"]

1. e4 d5 2. exd5 Qxd5 3. Nc3 Qd8 4. Bc4 e6 5. d3 a6 6. Nf3 b5 7. Bb3 Bb7 8. O-O Nf6 9. Bg5 Be7 10. Re1 Nbd7 11. a3 h6 12. Bh4 c5 13. Qe2 O-O 14. Rad1 Qb6 15. Ne4 Rfe8 16. Nxf6+ Bxf6 17. Bxf6 Nxf6 18. c4 Rad8 19. Ne5 b4 20. Bc2 b3 21. Bb1 Rd4 22. f3 Red8 23. Qd2 a5 24. Qc3 a4 25. Re3 Nd7 26. Nxd7 R8xd7 27. h3 Qd8 28. Kf2 Ba6 29. Rde1 Qh4+ 30. Kg1 Qd8 31. Re5 Qc7 32. R5e4 Bb7 33. R4e3 Kf8 34. Re5 Ke7 35. Qc1 g5 36. Qe3 R7d6 37. Qf2 f6 38. R5e3 e5 39. Qg3 h5 40. Qf2 Kd8 41. Kf1 Kc8 42. R1e2 Kb8 43. Qg3 Ka7 44. Qe1 Ka6 45. Qd2 g4 46. fxg4 hxg4 47. Qe1 gxh3 48. Rxh3 e4 49. Qc3 f5 50. dxe4 fxe4 51. Kg1 Rd1+ 52. Re1 R1d4 53. Rhe3 Re6 54. R3e2 Qf7 55. Rf1 Qg8 56. Re3 Rg6 57. Rf2 Qxc4 58. Qxc4+ Rxc4 59. Rfe2 Rc1+ 60. Re1 Rxe1+ 61. Rxe1 Re6 62. Kf2 Kb5 63. Rd1 e3+ 64. Ke2 Bxg2 65. Bf5 Re5 66. Bd7+ Ka5 67. Rg1 Bb7 68. Rg6 Ba6+ 69. Ke1 Rh5 70. Rg1 Rh2 71. Bg4 Rxb2 72. Rg3 Rb1+ 73. Bd1 e2 0-1